Map: Ulrena

Players

Jhyrachy

  • Race: Zerg Zerg
  • League: Silver

TBO - Winner!

  • Race: Protoss Protoss
  • League: Silver

VOD

Have the link to the VOD?

Description

Time

  • Played on: Dec. 10, 2015, 12:49 p.m.
  • Length: 15:44
Show
View Real Time Build Order
Export as new Build Order

Jhyrachy Zerg 

Build Orders: Hatch First 

Get SALT Encoding   

  12  0:02  Drone  
  13  0:13  Overlord  
  13  0:19  Drone  
  14  0:32  Drone  
  14  0:33  Drone  
  16  0:37  Drone  
  17  0:59  Hatchery  
  16  1:07  Drone x2  
  16  1:11  Extractor  
  17  1:20  Spawning Pool  
  17  1:22  Drone  
  17  1:30  Overlord  
  17  2:00  Drone  
  17  2:01  Drone, Overlord  
  19  2:07  Queen  
  21  2:13  Queen  
  23  2:39  Drone x3  
  23  2:43  Extractor  
  25  3:01  Drone  
  26  3:09  Overlord  
  26  3:28  Zergling x4  
  26  3:32  Lair  
  28  3:35  Zergling x2  
  28  3:36  Zergling x4  
  31  3:49  Drone x5  
  31  3:50  Drone x2  
  38  4:06  Queen  
  40  4:11  Spine Crawler  
  38  4:41  Drone x2  
  38  4:42  Drone x3  
  43  4:56  Overlord x2  
  43  5:11  Hydralisk Den  
  42  5:16  Zergling x16  
  42  5:17  Zergling x6  
  53  5:30  Overlord x3  
  49  6:01  Overlord  
  49  6:02  Overlord x4  
  49  6:21  Muscular Augments  
  49  6:26  Overseer  
  49  6:31  Hydralisk x7  
  49  6:32  Hydralisk x4  
  71  6:36  Overlord  
  71  7:06  Hatchery  
  59  7:36  Extractor  
  58  7:40  Hydralisk x6  
  58  7:41  Hydralisk x4  
  78  8:02  Drone  
  39  9:44  Hydralisk  
  39  9:45  Hydralisk x20  
  81  10:19  Hydralisk  
  81  10:20  Hydralisk x7  
  97  10:23  Overlord x2  
  97  10:24  Overlord  
  97  10:32  Extractor  
  96  11:32  Hydralisk x7  
  98  11:33  Hydralisk x5  
  120  11:57  Drone x3  
  123  12:26  Lurker Den  
  123  12:50  Nydus Network  
  122  12:59  Hydralisk  
  122  13:00  Hydralisk x9  
  142  13:35  Overseer  
  142  14:05  Nydus Canal  
  142  14:35  Spire  
  141  14:55  Drone  
  141  14:56  Drone x2, Extractor  
  143  15:01  Hatchery  
Show
View Real Time Build Order
Export as new Build Order

TBO Protoss - Winner!

Build Orders:  

Get SALT Encoding   

  12  0:01  Probe (Chrono Boost)  
  13  0:12  Probe (Chrono Boost)  
  14  0:23  Pylon  
  14  0:26  Probe (Chrono Boost)  
  15  0:42  Probe (Chrono Boost)  
  16  0:44  Gateway  
  16  0:52  Probe (Chrono Boost)  
  16  0:53  Assimilator  
  17  1:07  Probe (Chrono Boost)  
  18  1:11  Pylon  
  18  1:13  Assimilator  
  18  1:18  Probe (Chrono Boost)  
  19  1:26  Pylon  
  19  1:29  Probe (Chrono Boost)  
  20  1:39  Probe (Chrono Boost)  
  21  1:43  Cybernetics Core  
  21  1:50  Probe (Chrono Boost)  
  21  2:07  Nexus  
  21  2:17  Pylon  
  21  2:24  Stalker (Chrono Boost)  
  21  2:28  Warp Gate (Chrono Boost)  
  23  2:38  Gateway  
  23  2:41  Probe (Chrono Boost)  
  24  2:53  Mothership Core (Chrono Boost)  
  24  2:58  Pylon  
  26  3:04  Sentry (Chrono Boost)  
  28  3:20  Gateway  
  28  3:24  Pylon  
  28  3:25  Assimilator, Probe  
  29  3:27  Probe  
  30  3:37  Sentry  
  32  3:42  Probe x2  
  34  3:54  Probe x2  
  36  4:00  Sentry x2  
  38  4:06  Probe x2, Pylon  
  42  4:18  Probe  
  42  4:21  Probe  
  44  4:30  Probe  
  45  4:33  Assimilator, Probe  
  46  4:41  Pylon  
  46  4:43  Probe  
  46  4:45  Probe  
  48  4:47  Pylon  
  48  4:55  Sentry  
  48  4:56  Sentry x2  
  48  4:57  Pylon  
  54  5:01  Probe x2  
  54  5:06  Forge  
  56  5:08  Gateway  
  56  5:13  Probe x2  
  58  5:18  Zealot  
  58  5:19  Zealot x2  
  64  5:25  Probe  
  65  5:38  Stalker x2  
  65  5:40  Pylon  
  63  5:58  Zealot x3  
  63  6:03  Protoss Ground Weapons Level 1 (Chrono Boost)  
  69  6:06  Mothership Core  
  71  6:33  Stalker x4  
  71  6:34  Pylon  
  71  6:39  Robotics Facility  
  79  6:40  Twilight Council  
  79  6:42  Pylon  
  79  6:43  Photon Cannon, Pylon  
  79  6:56  Stalker x4  
  81  7:18  Stalker  
  81  7:19  Stalker  
  81  7:20  Stalker x2  
  81  7:35  Protoss Ground Armor Level 1 (Chrono Boost)  
  81  7:39  Blink (Chrono Boost)  
  81  7:55  Nexus  
  81  7:57  Pylon  
  81  8:00  Pylon  
  81  8:03  Assimilator, Zealot  
  81  8:04  Assimilator  
  83  8:14  Immortal (Chrono Boost)  
  87  8:21  Robotics Bay  
  87  8:23  Pylon  
  87  8:25  Gateway  
  85  8:29  Gateway  
  85  8:40  Stalker  
  85  8:41  Stalker x3  
  83  9:05  Stalker x3  
  69  9:26  Stalker  
  69  9:29  Pylon  
  69  9:31  Pylon  
  71  9:33  Probe x2  
  71  9:35  Stalker x2  
  71  9:36  Stalker  
  79  9:47  Colossus (Chrono Boost)  
  85  9:53  Probe  
  85  9:55  Probe x2  
  88  10:01  Extended Thermal Lance (Chrono Boost)  
  88  10:02  Protoss Ground Armor Level 2  
  88  10:05  Probe  
  89  10:07  Probe x2  
  91  10:16  Probe  
  91  10:19  Probe x2  
  94  10:23  Photon Cannon  
  94  10:24  Pylon  
  94  10:27  Probe  
  95  10:38  Zealot x4  
  95  10:40  Observer (Chrono Boost)  
  95  10:42  Charge (Chrono Boost)  
  104  10:57  Pylon  
  104  11:03  Pylon  
  96  11:14  Colossus  
  96  11:16  Nexus  
  102  11:18  Pylon  
  102  11:24  Sentry x4  
  110  11:51  Templar Archives  
  110  11:52  Assimilator  
  110  11:56  Assimilator  
  110  11:58  Mothership Core (Chrono Boost), Pylon  
  110  12:01  Photon Cannon  
  112  12:02  Stalker x5  
  121  12:25  Psionic Storm  
  121  12:26  Photon Cannon, Gateway  
  121  12:27  Gateway  
  121  12:28  Pylon  
  121  12:30  Pylon  
  121  12:39  Protoss Ground Weapons Level 2 (Chrono Boost)  
  121  12:44  Colossus  
  127  13:20  Pylon  
  127  13:27  Stalker x6  
  129  13:29  Pylon  
  139  13:38  Observer  
  140  13:50  Probe x2  
  140  13:51  Probe x2  
  144  13:57  High Templar x3  
  144  13:58  High Templar  
  144  14:02  Robotics Facility  
  152  14:03  Probe  
  152  14:06  Warp Prism  
  155  14:35  Zealot x7  
  169  14:41  Colossus  
  175  14:49  Colossus x2  
  175  15:02  Stalker x6  
  175  15:03  Stalker  
  179  15:42  Archon  
  179  15:43  Archon  
Tags
 
Add a new tag
Caveats
  • Supply blocks, unpowered buildings, or Contaminate may cause inaccurate times.
  • Supply counts are checked every 10 seconds.